TOP OF THE 1ST |
Boston Red Sox batting - Pitching for New York Yankees : RHP Paul Moskau
|
Pitching: RHP Paul Moskau
|
|
Batting: RHB Richie Zisk
|
0-0: Called Strike 0-1: Ball 1-1: Ball 2-1: SINGLE (Line Drive, 9LM, EV 104.4 MPH)
|
Batting: LHB Willie Aikens
|
0-0: Ball 1-0: Foul Ball, location: 2F 1-1: Ball 2-1: SINGLE (Groundball, 4MD, EV 107.5 MPH) Richie Zisk to second Runner from 2nd tries for 3rd, SAFE, no throw by CF
|
Batting: RHB Jeff Burroughs
|
0-0: Called Strike 0-1: Fly out, F7 (Flyball, 78S, EV 82.5 MPH)
|
Batting: LHB George Brett
|
0-0: SINGLE (Groundball, 4MD, EV 106.3 MPH) Richie Zisk scores Willie Aikens to second Runner from 2nd tries for 3rd, SAFE, throw by CF made to third George Brett to second
|
Batting: SHB Reggie Smith
|
0-0: Ball 1-0: Called Strike 1-1: Swinging Strike 1-2: Foul Ball, location: 2F 1-2: Ball 2-2: Ball 3-2: Fly out, F7 (Flyball, 7, EV 98.8 MPH) Runner from 3rd tags up, SCORES, throw by LF
|
Batting: LHB Claudell Washington
|
0-0: Ball 1-0: Hit by Pitch
|
Batting: LHB Karl Pagel
|
0-0: Ground out 5-3 (Groundball, 56S, EV 89.4 MPH)
|
Top of the 1st over - 2 runs, 3 hits, 0 errors, 2 left on base; Boston 2 - New York 0 |
BOTTOM OF THE 1ST |
New York Yankees batting - Pitching for Boston Red Sox : RHP Sal Velazquez
|
Pitching: RHP Sal Velazquez
|
|
Batting: LHB Wade Boggs
|
0-0: Ball 1-0: Called Strike 1-1: Called Strike 1-2: Ball 2-2: Ball 3-2: Foul Ball, location: 2F 3-2: Ground out 6-3 (Groundball, 6MS, EV 68.1 MPH)
|
Batting: SHB Willie Wilson
|
0-0: Called Strike 0-1: Fly out, F8 (Flyball, 8RM, EV 92.5 MPH)
|
Batting: LHB Kent Hrbek
|
0-0: Called Strike 0-1: Ball 1-1: Called Strike 1-2: Ball 2-2: Foul Ball, location: 2F 2-2: SINGLE (Groundball, 4D, EV 103.8 MPH)
|
Batting: LHB George Kaage
|
0-0: Called Strike 0-1: Ball 1-1: Foul Ball, location: 2F 1-2: Foul Ball, location: 2F 1-2: Ball 2-2: Foul Ball, location: 2F 2-2: Ball 3-2: 2-RUN HOME RUN (Flyball, 89XD, EV 103.1 MPH), Distance : 409 ft
|
Batting: RHB Pedro Guerrero
|
0-0: Fly out, F7 (Line Drive, 78M, EV 105.6 MPH)
|
Bottom of the 1st over - 2 runs, 2 hits, 0 errors, 0 left on base; Boston 2 - New York 2 |
TOP OF THE 2ND |
Boston Red Sox batting - Pitching for New York Yankees : RHP Paul Moskau
|
Batting: SHB Scotti Madison
|
0-0: SINGLE (Groundball, 6MD, EV 105.0 MPH)
|
Batting: SHB Nelson Norman
|
0-0: Called Strike 0-1: Reached on error, E3 (Groundball, 3, EV 84.4 MPH) Scotti Madison to second
|
Batting: RHB Richie Zisk
|
0-0: Ball 1-0: Foul Ball, location: 2F 1-1: Called Strike 1-2: Foul Ball, location: 2F 1-2: Foul Ball, location: 2F 1-2: Foul Ball, location: 2F 1-2: Ball 2-2: Strikes out swinging
|
Batting: LHB Willie Aikens
|
0-0: Foul Ball, location: 2F 0-1: Foul Ball, location: 2F 0-2: Foul Ball, location: 2F 0-2: Ball 1-2: Ball 2-2: Fly out, F8 (Flyball, 8LM, EV 91.9 MPH)
|
Batting: RHB Jeff Burroughs
|
0-0: Ball 1-0: Ball 2-0: Fielders Choice at 2nd, 6-4 (Groundball, 6MD, EV 80.0 MPH)
|
Top of the 2nd over - 0 runs, 1 hit, 1 error, 2 left on base; Boston 2 - New York 2 |
BOTTOM OF THE 2ND |
New York Yankees batting - Pitching for Boston Red Sox : RHP Sal Velazquez
|
Batting: SHB Tim Raines
|
0-0: Called Strike 0-1: Called Strike 0-2: Strikes out swinging
|
Batting: RHB David Hall
|
0-0: Called Strike 0-1: Reached on error, E6 (Groundball, 6, EV 107.5 MPH)
|
Batting: LHB Denny Porter
|
0-0: Ball 1-0: Ball 2-0: Foul Ball, location: 2F 2-1: Swinging Strike 2-2: Foul Ball, location: 2F 2-2: Fly out, F8 (Flyball, 8LXD, EV 85.6 MPH) Runner from 1st tags up, SAFE at 2nd
|
Batting: RHB Vic Rodriguez
|
0-0: 2-RUN HOME RUN (Flyball, 7D, EV 104.4 MPH), Distance : 410 ft
|
Batting: LHB Wade Boggs
|
0-0: Foul Ball, location: 2F 0-1: Ball 1-1: Foul Ball, location: 2F 1-2: SINGLE (Line Drive, 56D, EV 96.9 MPH)
|
Batting: SHB Willie Wilson
|
0-0: Ball 1-0: 2-RUN HOME RUN (Flyball, 9D, EV 100.6 MPH), Distance : 389 ft
|
Batting: LHB Kent Hrbek
|
0-0: Foul Ball, location: 2F 0-1: SINGLE (Flyball, 4D, EV 81.9 MPH)
|
Batting: LHB George Kaage
|
0-0: Called Strike 0-1: Ball 1-1: Ball 2-1: Ball 3-1: Base on Balls Kent Hrbek to second
|
Batting: RHB Pedro Guerrero
|
0-0: Ball 1-0: Foul Ball, location: 2F 1-1: Swinging Strike 1-2: SINGLE (Groundball, 6MD, EV 95.6 MPH) Kent Hrbek to third George Kaage to second Runner from 3rd tries for Home, SAFE, throw by CF to home
|
Pitching: RHP Don Sutton
|
|
Batting: SHB Tim Raines
|
0-0: Called Strike 0-1: Swinging Strike 0-2: Strikes out swinging
|
Bottom of the 2nd over - 5 runs, 5 hits, 1 error, 2 left on base; Boston 2 - New York 7 |
TOP OF THE 3RD |
Boston Red Sox batting - Pitching for New York Yankees : RHP Paul Moskau
|
Batting: LHB George Brett
|
0-0: DOUBLE (Line Drive, 7LM, EV 101.9 MPH)
|
Batting: SHB Reggie Smith
|
0-0: Called Strike 0-1: Called Strike 0-2: Ball 1-2: Ball 2-2: Foul Ball, location: 2F 2-2: Foul Ball, location: 2F 2-2: Strikes out swinging
|
Batting: LHB Claudell Washington
|
0-0: Ball 1-0: Called Strike 1-1: SINGLE (Line Drive, 4MD, EV 97.5 MPH) George Brett to third Runner from 3rd tries for Home, SAFE, throw by CF to home
|
Batting: LHB Karl Pagel
|
0-0: Called Strike 0-1: Called Strike 0-2: Ball 1-2: Foul Ball, location: 2F 1-2: Strikes out swinging
|
Batting: SHB Scotti Madison
|
0-0: Fly out, F9 (Line Drive, 9, EV 92.5 MPH)
|
Top of the 3rd over - 1 run, 2 hits, 0 errors, 1 left on base; Boston 3 - New York 7 |
BOTTOM OF THE 3RD |
New York Yankees batting - Pitching for Boston Red Sox : RHP Don Sutton
|
Batting: RHB David Hall
|
0-0: Ball 1-0: Ball 2-0: Called Strike 2-1: Fly out, F9 (Flyball, 89M, EV 96.9 MPH)
|
Batting: LHB Denny Porter
|
0-0: Swinging Strike 0-1: Ball 1-1: Called Strike 1-2: SINGLE (Groundball, 4D, EV 96.9 MPH)
|
Batting: RHB Vic Rodriguez
|
0-0: Called Strike 0-1: Ball 1-1: Fielders Choice at 2nd, 6-4 (Groundball, 56D, EV 97.5 MPH)
|
Batting: LHB Wade Boggs
|
0-0: Ball 1-0: Foul Ball, location: 2F 1-1: Ball 2-1: Ball 3-1: Foul Ball, location: 2F 3-2: Base on Balls Vic Rodriguez to second
|
Batting: SHB Willie Wilson
|
0-0: Ball 1-0: Called Strike 1-1: SINGLE (Groundball, 34D, EV 96.9 MPH) Vic Rodriguez to third Wade Boggs to second Runner from 3rd tries for Home, SAFE, throw by RF to home
|
Batting: LHB Kent Hrbek
|
0-0: Ball 1-0: Swinging Strike 1-1: Ball 2-1: Foul Ball, location: 2F 2-2: Fly out, F8 (Flyball, 8LS, EV 70.0 MPH)
|
Bottom of the 3rd over - 1 run, 2 hits, 0 errors, 2 left on base; Boston 3 - New York 8 |
TOP OF THE 4TH |
Boston Red Sox batting - Pitching for New York Yankees : RHP Paul Moskau
|
Batting: SHB Nelson Norman
|
0-0: Ball 1-0: Fly out, F6 (Line Drive, 6, EV 61.9 MPH)
|
Batting: RHB Richie Zisk
|
0-0: Swinging Strike 0-1: Fly out, F9 (Flyball, 9, EV 81.9 MPH)
|
Batting: LHB Willie Aikens
|
0-0: Foul Ball, location: 2F 0-1: Foul Ball, location: 2F 0-2: Ball 1-2: Foul Ball, location: 2F 1-2: Ball 2-2: Foul Ball, location: 2F 2-2: Ball 3-2: Foul Ball, location: 2F 3-2: Ground out 4-3 (Groundball, 4, EV 110.0 MPH)
|
Top of the 4th over - 0 runs, 0 hits, 0 errors, 0 left on base; Boston 3 - New York 8 |
BOTTOM OF THE 4TH |
New York Yankees batting - Pitching for Boston Red Sox : RHP Don Sutton
|
Batting: LHB George Kaage
|
0-0: Foul Ball, location: 2F 0-1: Swinging Strike 0-2: Ball 1-2: SINGLE (Line Drive, 7LS, EV 100.6 MPH)
|
Batting: RHB Pedro Guerrero
|
0-0: SINGLE (Groundball, 56D, EV 94.4 MPH) George Kaage to second
|
Batting: SHB Tim Raines
|
0-0: Ball 1-0: Ball 2-0: Swinging Strike 2-1: Ball 3-1: Base on Balls George Kaage to third Pedro Guerrero to second
|
Batting: RHB David Hall
|
0-0: Ball 1-0: Ball 2-0: Swinging Strike 2-1: Foul Ball, location: 2F 2-2: SINGLE (Line Drive, 78M, EV 103.1 MPH) George Kaage scores Pedro Guerrero to third Tim Raines to second Runner from 3rd tries for Home, SAFE, throw by LF to home
|
Batting: LHB Denny Porter
|
0-0: Foul Ball, location: 2F 0-1: Ball 1-1: Grounds into double play, 4-6-3 (Groundball, 4, EV 91.9 MPH) Tim Raines to third
|
Batting: RHB Vic Rodriguez
|
0-0: Fly out, F9 (Flyball, 9S, EV 86.3 MPH)
|
Bottom of the 4th over - 2 runs, 3 hits, 0 errors, 1 left on base; Boston 3 - New York 10 |
TOP OF THE 5TH |
Boston Red Sox batting - Pitching for New York Yankees : RHP Paul Moskau
|
Batting: RHB Jeff Burroughs
|
0-0: Ball 1-0: Ball 2-0: Ball 3-0: Called Strike 3-1: Foul Ball, location: 2F 3-2: Reached on error, E4 (Popup, 34D, EV 51.9 MPH)
|
Batting: LHB George Brett
|
0-0: Grounds into double play, 4-6-3 (Groundball, 4M, EV 98.1 MPH)
|
Batting: SHB Reggie Smith
|
0-0: Ball 1-0: Fly out, F8 (Flyball, 8RM, EV 90.0 MPH)
|
Top of the 5th over - 0 runs, 0 hits, 1 error, 0 left on base; Boston 3 - New York 10 |
BOTTOM OF THE 5TH |
New York Yankees batting - Pitching for Boston Red Sox : RHP Don Sutton
|
Batting: LHB Wade Boggs
|
0-0: Ball 1-0: Ground out 4-3 (Groundball, 4S, EV 84.4 MPH)
|
Batting: SHB Willie Wilson
|
0-0: Ball 1-0: Ball 2-0: Called Strike 2-1: Ground out 4-3 (Groundball, 4, EV 86.3 MPH)
|
Batting: LHB Kent Hrbek
|
0-0: Ball 1-0: Ground out 4-3 (Groundball, 4, EV 101.9 MPH)
|
Bottom of the 5th over - 0 runs, 0 hits, 0 errors, 0 left on base; Boston 3 - New York 10 |
TOP OF THE 6TH |
Boston Red Sox batting - Pitching for New York Yankees : RHP Paul Moskau
|
Batting: LHB Claudell Washington
|
0-0: Ball 1-0: Ball 2-0: Called Strike 2-1: Foul Ball, location: 2F 2-2: Ball 3-2: Foul Ball, location: 2F 3-2: Foul Ball, location: 2F 3-2: Base on Balls
|
Batting: LHB Karl Pagel
|
0-0: Called Strike 0-1: Foul Ball, location: 2F 0-2: Ball 1-2: Ball 2-2: Ball 3-2: Foul Ball, location: 2F 3-2: Fly out, F7 (Flyball, 7D, EV 106.9 MPH)
|
Batting: SHB Scotti Madison
|
0-0: Called Strike Claudell Washington steals 2nd base 0-1: Foul Ball, location: 2F 0-2: Ball 1-2: Ball 2-2: Fly out, F7 (Flyball, 7S, EV 88.1 MPH)
|
Batting: SHB Nelson Norman
|
0-0: Ball 1-0: Ball 2-0: Fly out, F7 (Flyball, 78M, EV 76.9 MPH)
|
Top of the 6th over - 0 runs, 0 hits, 0 errors, 1 left on base; Boston 3 - New York 10 |
BOTTOM OF THE 6TH |
New York Yankees batting - Pitching for Boston Red Sox : RHP Don Sutton
|
Batting: LHB George Kaage
|
0-0: Ball 1-0: Called Strike 1-1: Ground out 4-3 (Groundball, 4, EV 78.1 MPH)
|
Batting: RHB Pedro Guerrero
|
0-0: Foul Ball, location: 2F 0-1: Ball 1-1: Ground out 5-3 (Groundball, 5, EV 98.1 MPH)
|
Batting: SHB Tim Raines
|
0-0: Ball 1-0: Fly out, F9 (Flyball, 9D, EV 105.6 MPH)
|
Bottom of the 6th over - 0 runs, 0 hits, 0 errors, 0 left on base; Boston 3 - New York 10 |
TOP OF THE 7TH |
Boston Red Sox batting - Pitching for New York Yankees : RHP Paul Moskau
|
Pinch Hitting: SHB Dave Collins
|
0-0: Ball 1-0: DOUBLE (Line Drive, 3D, EV 96.9 MPH)
|
Batting: LHB Willie Aikens
|
0-0: Ball 1-0: Ball 2-0: Ball 3-0: Base on Balls
|
Batting: RHB Jeff Burroughs
|
0-0: Ball 1-0: 3-RUN HOME RUN (Flyball, 89XD, EV 96.9 MPH), Distance : 423 ft
|
Pitching: LHP Jose Paz
|
|
Batting: LHB George Brett
|
0-0: Foul Ball, location: 2F 0-1: Ball 1-1: Ball 2-1: SOLO HOME RUN (Flyball, 89XD, EV 93.8 MPH), Distance : 440 ft
|
Batting: SHB Reggie Smith
|
0-0: Ball 1-0: Called Strike 1-1: Ball 2-1: Ball 3-1: Called Strike 3-2: Fly out, F8 (Flyball, 8LXD, EV 88.8 MPH)
|
Batting: LHB Claudell Washington
|
0-0: Ball 1-0: Ball 2-0: Called Strike 2-1: Swinging Strike 2-2: Strikes out swinging
|
Batting: LHB Karl Pagel
|
0-0: Called Strike 0-1: Foul Ball, location: 2F 0-2: Ball 1-2: Ball 2-2: Strikes out looking
|
Top of the 7th over - 4 runs, 3 hits, 0 errors, 0 left on base; Boston 7 - New York 10 |
BOTTOM OF THE 7TH |
New York Yankees batting - Pitching for Boston Red Sox : RHP Don Sutton
|
Pitching: RHP Jeff Taylor
|
|
Now in RF: Dave Collins
|
|
Batting: RHB David Hall
|
0-0: Ball 1-0: Foul Ball, location: 2F 1-1: Fly out, F5 (Line Drive, 5, EV 61.9 MPH)
|
Batting: LHB Denny Porter
|
0-0: Called Strike 0-1: Foul Ball, location: 2F 0-2: Strikes out swinging
|
Batting: RHB Vic Rodriguez
|
0-0: SOLO HOME RUN (Flyball, 7D, EV 94.4 MPH), Distance : 417 ft
|
Batting: LHB Wade Boggs
|
0-0: Ball 1-0: Ground out 3-1 (Groundball, 34, EV 100.0 MPH)
|
Bottom of the 7th over - 1 run, 1 hit, 0 errors, 0 left on base; Boston 7 - New York 11 |
TOP OF THE 8TH |
Boston Red Sox batting - Pitching for New York Yankees : LHP Jose Paz
|
Batting: SHB Scotti Madison
|
0-0: Foul Ball, location: 2F 0-1: Ball 1-1: Ball 2-1: Ground out 6-3 (Groundball, 6, EV 88.8 MPH)
|
Batting: SHB Nelson Norman
|
0-0: Ground out U3 (Groundball, 34S, EV 85.6 MPH)
|
Batting: SHB Dave Collins
|
0-0: Called Strike 0-1: Called Strike 0-2: Ball 1-2: Ball 2-2: Ball 3-2: Strikes out looking
|
Top of the 8th over - 0 runs, 0 hits, 0 errors, 0 left on base; Boston 7 - New York 11 |
BOTTOM OF THE 8TH |
New York Yankees batting - Pitching for Boston Red Sox : RHP Jeff Taylor
|
Batting: SHB Willie Wilson
|
0-0: Foul Ball, location: 2F 0-1: Ball 1-1: Called Strike 1-2: Ball 2-2: Strikes out swinging
|
Batting: LHB Kent Hrbek
|
0-0: Called Strike 0-1: Ball 1-1: Swinging Strike 1-2: Strikes out looking
|
Batting: LHB George Kaage
|
0-0: Swinging Strike 0-1: Ball 1-1: Swinging Strike 1-2: DOUBLE (Line Drive, 89M, EV 103.1 MPH)
|
Batting: RHB Pedro Guerrero
|
0-0: Fly out, F7 (Line Drive, 7, EV 91.3 MPH)
|
Bottom of the 8th over - 0 runs, 1 hit, 0 errors, 1 left on base; Boston 7 - New York 11 |
TOP OF THE 9TH |
Boston Red Sox batting - Pitching for New York Yankees : LHP Jose Paz
|
Pitching: RHP Camilo Aprgio
|
|
Batting: LHB Willie Aikens
|
0-0: Ball 1-0: Called Strike 1-1: Ball 2-1: Foul Ball, location: 2F 2-2: Strikes out swinging
|
Batting: RHB Jeff Burroughs
|
0-0: Called Strike 0-1: Fly out, F4 (Popup, 34D, EV 62.5 MPH)
|
Batting: LHB George Brett
|
0-0: Called Strike 0-1: SOLO HOME RUN (Flyball, 89XD, EV 91.9 MPH), Distance : 403 ft
|
Batting: SHB Reggie Smith
|
0-0: Ball 1-0: Foul Ball, location: 2F 1-1: Ball 2-1: Foul Ball, location: 2F 2-2: SOLO HOME RUN (Flyball, 89XD, EV 107.5 MPH), Distance : 421 ft
|
Batting: LHB Claudell Washington
|
0-0: Called Strike 0-1: Ball 1-1: Foul Ball, location: 2F 1-2: Fly out, F9 (Flyball, 9LS, EV 85.6 MPH)
|
Top of the 9th over - 2 runs, 2 hits, 0 errors, 0 left on base; Boston 9 - New York 11 |
|